[Event "Reykjavik Open 2025"]
[Site "Reykjavik"]
[Date "2025.04.15"]
[Round "9.4"]
[White "Safarli, Eltaj"]
[Black "Muradli, Mahammad"]
[Result "1/2-1/2"]
[Annotator "TA"]
[ECO "B50"]
[WhiteElo "2617"]
[BlackElo "2588"]
[PlyCount "40"]
[EventDate "2025.04.09"]
[EventType "swiss"]
[EventCountry "ISL"]
[SourceTitle "playchess.com"]
[Source "ChessBase"]
[SourceQuality "1"]
[TimeControl "40/5400+30:1800+30"]

1. e4 c5 2. Nf3 d6 3. c3 Nf6 4. h3 Nc6 5. Bd3 g6 6. Bc2 e5 7. O-O Bg7 8. d4 exd4 9. cxd4 cxd4 10. Nxd4 {[%emt 0:00:47] The position is equal.} O-O {[%emt 0:00:06] B50: Sicilian: 2...d6, Miscellaneous.} 11. Nc3 d5 12. Nxc6 {[%emt 0:00:26] Not much happened in this game.   OK:         	White=1     	---} bxc6 $146 13. e5 Nd7 14. f4 f6 15. e6 Nc5 16. f5 gxf5 17. Bxf5 Bxe6 18. Be3 Bxf5 19. Bxc5 Bg6 20. Bxf8 Qb6+ {½-½ Abasov,N (2634)-Vakhidov,J (2607) Sharjah Masters 6th 2023 (9)} 1/2-1/2

[Event "Reykjavik Open 2025"]
[Site "Reykjavik"]
[Date "2025.04.15"]
[Round "9.5"]
[White "Hjartarson, Johann"]
[Black "Ivic, Velimir"]
[Result "0-1"]
[Annotator "TA"]
[ECO "D43"]
[WhiteElo "2461"]
[BlackElo "2623"]
[PlyCount "58"]
[EventDate "2025.04.09"]
[EventType "swiss"]
[EventCountry "ISL"]
[SourceTitle "playchess.com"]
[Source "ChessBase"]
[SourceQuality "1"]
[TimeControl "40/5400+30:1800+30"]

1. d4 Nf6 2. c4 e6 3. Nf3 d5 4. Nc3 c6 5. Bg5 h6 6. Bxf6 Qxf6 7. Qb3 Qe7 8. e3 g6 9. Be2 Bg7 {[%emt 0:01:13] The position is equal.} 10. O-O O-O 11. Rad1 Nd7 12. a3 a6 13. e4 dxc4 14. Qxc4 c5 15. d5 b5 16. Qd3 Rd8 17. dxe6 Qxe6 18. Nd5 {[%emt 0:00:45] [#]} Rb8 $1 $36 {[%emt 0:01:36][%cal Oc8b7][%mdl 2048] Black is on the roll.} (18... Bxb2 19. Nc7 Qc6 (19... c4 20. Qd2 $18) 20. Nxa8 Qxa8 21. e5 $14) 19. e5 {[%emt 0:06:55] This costs White the game.} Bb7 $19 (19... Bxe5 20. Nxe5 Qxe5 (20... Nxe5 $2 21. Ne7+ Qxe7 22. Qxd8+ Qf8 23. Qc7 $18) 21. f4 Qxb2 22. f5 $14) (19... Nxe5 20. Ne7+ Qxe7 21. Qxd8+ Bf8 22. Rfe1 $14) 20. Nf4 Qe8 21. e6 Nf8 (21... fxe6 22. Qd6 $17) 22. exf7+ (22. Qe3 $142 Nxe6 23. Nxe6 Qxe6 24. Qxe6 fxe6 25. b3) 22... Qxf7 23. Qe3 Re8 ({Don't do} 23... Bxb2 24. Nd3 (24. Ne5 $2 Bxe5 25. Qxe5 Re8 $19) 24... Re8 (24... Bxa3 25. Nde5 $15) 25. Qd2 Bxa3 26. Ra1 $17) 24. Qd2 c4 25. h4 Re4 26. Nh3 Rbe8 27. Rde1 Qf6 {[%emt 0:01:53] Black is winning.} 28. Bd1 Qxb2 29. Rxe4 Bxe4 {[%emt 0:00:58] Weighted Error Value: White=0.31/Black=0.05 (flawless) .  Mistake:       	White=2     	---        Inaccurate:     	White=6     	Black=1      OK:         	White=8     	Black=10     Best:        	---       	Black=1      Strong:       	---       	Black=1} 0-1

[Event "Reykjavik Open 2025"]
[Site "Reykjavik"]
[Date "2025.04.15"]
[Round "9.6"]
[White "Royal, Shreyas"]
[Black "Banusz, Tamas"]
[Result "1/2-1/2"]
[Annotator "TA"]
[ECO "D25"]
[WhiteElo "2465"]
[BlackElo "2592"]
[PlyCount "35"]
[EventDate "2025.04.09"]
[EventType "swiss"]
[EventCountry "ISL"]
[SourceTitle "playchess.com"]
[Source "ChessBase"]
[SourceQuality "1"]
[TimeControl "40/5400+30:1800+30"]

1. d4 d5 2. c4 dxc4 3. Nf3 Nf6 4. e3 Bg4 5. Bxc4 e6 6. h3 Bh5 7. Nc3 Nc6 8. O-O Bd6 9. Re1 O-O 10. g4 Bg6 11. e4 Bb4 12. Bg5 {[%emt 0:05:09] [#] aiming for e5.} h6 13. Bh4 {[%emt 0:01:26] Black must now prevent e5.} Be7 14. Bg3 (14. Bxf6 $14 Bxf6 15. e5) 14... Bb4 $11 15. Bh4 (15. Qd3 $11) 15... Be7 $1 $14 16. Bg3 (16. Bxf6 $14 Bxf6 17. e5) 16... Bb4 $11 17. Bh4 (17. Qd3 $11 {feels stronger.}) 17... Be7 $1 $14 18. Bg3 {[%emt 0:00:05] Weighted Error Value: White=0.10 (very precise) /Black=0.02 (flawless) .  Mistake:       	White=5     	---        OK:         	White=4     	Black=4      Best:        	---       	Black=2      Strong:       	---       	Black=2} (18. d5 $14 exd5 19. Nxd5 (19. exd5 Nxd5 20. Nxd5 Bxh4 $11)) 1/2-1/2

[Event "Reykjavik Open 2025"]
[Site "Reykjavik"]
[Date "2025.04.15"]
[Round "9.7"]
[White "Jacobson, Brandon"]
[Black "Papadiamandis, Elliot"]
[Result "1-0"]
[Annotator "RC"]
[ECO "A00"]
[WhiteElo "2570"]
[BlackElo "2315"]
[PlyCount "97"]
[EventDate "2025.04.09"]
[EventType "swiss"]
[EventCountry "ISL"]
[SourceTitle "playchess.com"]
[Source "ChessBase"]
[SourceQuality "1"]
[TimeControl "40/5400+30:1800+30"]

1. a4 c5 2. e4 Nc6 3. Bb5 Nf6 4. Nc3 Qc7 5. Nge2 e6 6. O-O Be7 7. Bxc6 Qxc6 8. d4 d6 9. d5 exd5 10. exd5 Qd7 11. h3 O-O 12. Ng3 b6 13. Re1 a6 14. Qf3 Rb8 15. Bg5 h6 16. Bf4 b5 17. axb5 axb5 18. Nd1 Bb7 19. Ne3 Rfd8 20. Ngf5 Bf8 21. Bg3 Nh7 22. Bh4 Re8 23. Qg4 Qc7 24. Nxg7 Bxg7 25. Nf5 f6 26. Bg3 Re5 27. Bxe5 fxe5 28. Rxe5 h5 29. Re7 hxg4 30. Rxc7 Bf8 31. Ra7 Bc8 32. Nxd6 Bxd6 33. Rg7+ Kh8 34. Rxh7+ Kg8 35. Rag7+ Kf8 36. Ra7 Kg8 37. Rag7+ Kf8 38. hxg4 Be5 39. Re7 Bd6 40. Ref7+ Kg8 41. Rhg7+ Kh8 42. Rg6 Be5 43. Re7 Bxb2 44. Re8+ Kh7 45. Rc6 Ra8 46. Rexc8 Ra1+ 47. Kh2 Be5+ 48. g3 Rd1 49. Re8 1-0

[Event "Reykjavik Open 2025"]
[Site "Reykjavik"]
[Date "2025.04.15"]
[Round "9.8"]
[White "Maze, Sebastien"]
[Black "Sriansh Das"]
[Result "1/2-1/2"]
[Annotator "TA"]
[ECO "C85"]
[WhiteElo "2557"]
[BlackElo "2278"]
[PlyCount "81"]
[EventDate "2025.04.09"]
[EventType "swiss"]
[EventCountry "ISL"]
[SourceTitle "playchess.com"]
[Source "ChessBase"]
[SourceQuality "1"]
[TimeControl "40/5400+30:1800+30"]

1. e4 e5 2. Nf3 Nc6 3. Bb5 a6 4. Ba4 Nf6 5. O-O Be7 6. Bxc6 dxc6 7. d3 Nd7 8. Nc3 O-O 9. Be3 Bd6 10. Ne2 {[%emt 0:02:10] The position is equal.} Re8 11. Nd2 Nf8 12. Ng3 Ng6 13. Nf5 Nh4 14. Qh5 Nxf5 15. exf5 g6 16. fxg6 hxg6 17. Qf3 f5 (17... Qh4 {simplifies} 18. g3 Qg4 19. Qxg4 Bxg4 20. Bg5 Bh3) 18. Qg3 f4 (18... Qf6 $14) 19. Qxg6+ $16 Kh8 {[%emt 0:00:03][%cal Oe8e6] [#] Strongly threatening ...Re6!} 20. Ne4 $1 Re6 {[%emt 0:00:38] Repels Nf6} 21. Qh5+ Kg7 (21... Kg8 $16) 22. Bd2 (22. Ng5 $1 $18 {White wants to mate with Qh7+.} Qg8 23. Nxe6+ Bxe6 24. Bd2) 22... Rg6 ({Black should try} 22... Rh6 $14 23. Qg5+ Qxg5 24. Nxg5 Rh5) 23. f3 $2 {[%emt 0:14:07] White is much more active.} ({Only move:} 23. Bc3 $16 Qe7 24. Rae1) 23... Rh6 $15 24. Qg5+ Qxg5 25. Nxg5 Bc5+ (25... Bf5 $1 $11 26. d4 exd4) 26. Kh1 $14 Bf5 {[%emt 0:01:44] And now ...Rah8 would win.} 27. Bc3 $2 (27. h3 $1 $14 {stays ahead.}) 27... Kf6 $19 28. Nh3 ({Avoid the trap} 28. Ne4+ $2 Bxe4 29. h3 (29. dxe4 $2 {leads to mate.} Rxh2+ 30. Kxh2 Rh8#) 29... Bf5 $19) 28... Bxh3 29. gxh3 Rxh3 {[%emt 0:00:41] ...Rah8 is the strong threat.} 30. Rae1 Be3 31. Re2 Rg8 32. Rg2 Rgg3 33. Be1 (33. Re2 $17) 33... Rxf3 34. Bh4+ {[%emt 0:00:26] [#]} Kf7 $1 ({Worse is} 34... Rxh4 35. Rxf3 c5 36. Rg8 $14) 35. Rxf3 Rxf3 $17 {[%emt 0:00:01][%mdl 4096] Endgame. KRB-KRB} 36. Rg5 (36. Rg7+ $17 Kxg7 37. Kg2) 36... Rh3 37. Rg4 {[%emt 0:01:03] [#] Threatens to win with Kg2.} Bc1 ({Better is} 37... Bd4 $1 $19 38. Kg2 Re3) 38. b3 Re3 39. Kg1 Ba3 40. Kf1 Bc5 41. Be1 {[%emt 0:31:35] White used his chance.   Weighted Error Value: White=0.37/Black=0.22 (precise) .  Loses game:     	White=1     	---        Mistake:       	White=4     	Black=5      Inaccurate:     	---       	Black=2      OK:         	White=12    	Black=8      Best:        	White=6     	Black=6      Strong:       	---       	Black=1} 1/2-1/2

[Event "Reykjavik Open 2025"]
[Site "Reykjavik"]
[Date "2025.04.15"]
[Round "9.9"]
[White "Garifullina, Leya"]
[Black "Friedel, Joshua"]
[Result "0-1"]
[Annotator "RC"]
[ECO "B12"]
[WhiteElo "2459"]
[BlackElo "2552"]
[PlyCount "114"]
[EventDate "2025.04.09"]
[EventType "swiss"]
[EventCountry "ISL"]
[SourceTitle "playchess.com"]
[Source "ChessBase"]
[SourceQuality "1"]
[TimeControl "40/5400+30:1800+30"]

1. e4 c6 2. d4 d5 3. e5 Bf5 4. Nf3 e6 5. Be2 Nd7 6. O-O Ne7 7. Nbd2 h6 8. Nb3 g5 9. a4 Bg7 10. Bd2 a5 11. Ne1 c5 12. c3 O-O 13. Nc2 c4 14. Nc1 f6 15. exf6 Nxf6 16. Ne3 Bh7 17. b3 cxb3 18. Qxb3 Ne4 19. Be1 Ng6 20. f3 Nd6 21. Nd3 Rc8 22. Bf2 h5 23. Rfc1 Kh8 24. Qd1 Nf4 25. Bf1 Qf6 26. Ne5 g4 27. g3 gxf3 28. Qxf3 Ng6 29. Qxf6 Rxf6 30. Nd7 Rxf2 31. Kxf2 Ne4+ 32. Ke1 Nxc3 33. Nd1 Bxd4 34. Ra3 Rd8 35. Nxc3 Rxd7 36. Nb5 Bb6 37. Rc8+ Kg7 38. Bh3 Ne5 39. Rb3 Nd3+ 40. Ke2 Rf7 41. Nd6 Rf2+ 42. Kd1 Nc5 43. Rxc5 Bxc5 44. Rxb7+ Kg6 45. Bxe6 Bxd6 46. Bxd5 Kh6 47. Rb6 Rf6 48. Ke2 Be7 49. Rxf6+ Bxf6 50. Kf3 Be5 51. Bc6 Kg5 52. h4+ Kf6 53. g4 hxg4+ 54. Kxg4 Bf5+ 55. Kf3 Ke7 56. h5 Kd6 57. Be8 Bd7 0-1

[Event "Reykjavik Open 2025"]
[Site "Reykjavik"]
[Date "2025.04.15"]
[Round "9.10"]
[White "Stefansson, Hannes"]
[Black "Kadric, Denis"]
[Result "0-1"]
[Annotator "TA"]
[ECO "C41"]
[WhiteElo "2420"]
[BlackElo "2533"]
[PlyCount "76"]
[EventDate "2025.04.09"]
[EventType "swiss"]
[EventCountry "ISL"]
[SourceTitle "playchess.com"]
[Source "ChessBase"]
[SourceQuality "1"]
[TimeControl "40/5400+30:1800+30"]

1. e4 d6 2. d4 Nf6 3. Nc3 e5 4. Nf3 Nbd7 5. Bc4 Be7 6. O-O O-O 7. a4 {[%emt 0:01:40] is recently more successful than 7.Re1.} c6 8. Re1 h6 9. Ba2 {[%emt 0:04:29] C41: Philidor Defence.} Re8 10. Be3 Ng4 11. Bd2 {[%emt 0:01:00] The position is equal.} a5 12. h3 Ngf6 13. Be3 exd4 14. Bxd4 Nf8 $1 15. Nd2 Ne6 16. Be3 d5 17. exd5 cxd5 {[%emt 0:00:02] [#]} 18. Nf3 Bb4 19. Qd3 $146 (19. Bd2 b6 20. Nb5 Bb7 21. c3 Bc5 22. Be3 Ne4 23. Nfd4 Rc8 24. Qg4 Qf6 25. Rad1 g6 26. Qf3 Qg7 27. Nc2 {1-0 Ibarra Jerez,J (2556)-Lopez Varela,P (2293) Santiago de Compostela Bicapawn GP Rap rapid 2022 (3)}) 19... b6 20. Bd4 {[%emt 0:14:00] aiming for Bxf6.} Ba6 (20... Bb7 {simplifies} 21. Re5 Nxd4 22. Qxd4 Rxe5 23. Nxe5 Qc7) 21. Bxf6 ({Better is} 21. Qe3 $11) 21... Qxf6 $15 22. Qxd5 Bxc3 (22... Nf4 $1 $17 23. Qd7 Ne2+ 24. Kh2 Red8 25. Bxf7+ Kf8 (25... Qxf7 $2 26. Qxf7+ Kxf7 27. Nxe2 $17)) 23. bxc3 $11 Nf4 24. Rxe8+ Rxe8 25. Qd7 Re7 $40 {[%emt 0:01:56][%mdl 128] Black attacks.} (25... Ne2+ 26. Kh1 Re7 27. Qd8+ Kh7 28. Rd1 $11) 26. Qg4 (26. Qd8+ $11 {and White has nothing to worry.} Kh7 27. Kh2) 26... Ne2+ $19 (26... Qxc3 27. Rd1 Qc7 (27... Qxc2 $2 28. Rd8+ Kh7 29. Qxf4 $18) 28. Kh1 $17) 27. Kh2 Nxc3 {[%emt 0:01:59] [#]} 28. Bb3 Ne4 {[%emt 0:05:34] Black is more active.} ({Black should try} 28... Kf8 29. Qd4 Qxd4 30. Nxd4 Re4) 29. Rd1 $17 Nxf2 (29... g6 $17 30. Kg1 Kg7) 30. Rd8+ $11 Kh7 31. Qg3 (31. Qd4 $11) 31... Ne4 $17 {[%emt 0:00:23] Really sharp!} 32. Qb8 g6 33. Bd5 (33. Nd2 $17) 33... Be2 $19 34. Ng1 Bf1 35. Nf3 Nc3 36. Ba8 (36. Bc6 $142) 36... Nxa4 {[%emt 0:04:13] ...Nc3 is the strong threat.} 37. Bc6 $2 (37. Nd2 Bb5 38. Ne4 Qe5+ 39. Qxe5 Rxe5 40. Nd6) 37... Nc3 ({Stronger than} 37... Qxc6 38. Rh8+ Kg7 39. Rg8+ Kh7 40. Rh8+ Kg7 41. Rg8+ Kh7 42. Rh8+ $11) (37... Bxg2 38. Kxg2 Qxc6 39. Rh8+ Kg7 40. Rg8+ Kf6 (40... Kh7 41. Rh8+ Kg7 42. Rg8+ Kh7 43. Rh8+ $11) 41. Qf4+ Ke6 42. c4 $11) 38. Qxb6 (38. Nd4 $142) 38... Re2 {[%emt 0:02:38][%csl LRc2,LRg2] Weighted Error Value: White=0.50/Black=0.20 (precise)   Loses game:     	White=1     	---        Mistake:       	White=6     	Black=3      Inaccurate:     	White=2     	Black=2      OK:         	White=9     	Black=10     Best:        	White=5     	Black=5      Strong:       	---       	Black=1} 0-1

[Event "Reykjavik Open 2025"]
[Site "Reykjavik"]
[Date "2025.04.15"]
[Round "9.11"]
[White "Sivuk, Vitaly"]
[Black "George Samir, David"]
[Result "1/2-1/2"]
[Annotator "RC"]
[ECO "A11"]
[WhiteElo "2505"]
[BlackElo "2303"]
[PlyCount "89"]
[EventDate "2025.04.09"]
[EventType "swiss"]
[EventCountry "ISL"]
[SourceTitle "playchess.com"]
[Source "ChessBase"]
[SourceQuality "1"]
[TimeControl "40/5400+30:1800+30"]

1. Nf3 Nf6 2. c4 c6 3. g3 d5 4. Bg2 g6 5. b3 d4 6. O-O Bg7 7. Bb2 c5 8. e3 Nc6 9. exd4 cxd4 10. d3 O-O 11. Na3 e5 12. Nc2 a5 13. a3 Bf5 14. Nh4 Bg4 15. Qd2 Qd7 16. b4 Bh3 17. b5 Nd8 18. Rae1 Bxg2 19. Kxg2 Nh5 20. a4 Ne6 21. Ba3 Rfe8 22. Kh1 b6 23. Qd1 Ng5 24. Bc1 Qb7+ 25. f3 Ne6 26. Na1 f5 27. Nb3 Rac8 28. Kg1 Qe7 29. Qc2 f4 30. g4 Qxh4 31. gxh5 Qxh5 32. Nd2 Ng5 33. Qd1 Re6 34. Ne4 Nf7 35. Qb3 Qf5 36. c5 bxc5 37. Bd2 g5 38. Bxa5 g4 39. fxg4 Qxg4+ 40. Kh1 Rg6 41. Rf2 Qh3 42. Qc4 f3 43. Qa2 c4 44. Ref1 cxd3 45. Qc4 1/2-1/2

[Event "Reykjavik Open 2025"]
[Site "Reykjavik"]
[Date "2025.04.15"]
[Round "9.12"]
[White "Thorfinnsson, Bragi"]
[Black "Papp, Gabor"]
[Result "1/2-1/2"]
[Annotator "TA"]
[ECO "D30"]
[WhiteElo "2375"]
[BlackElo "2502"]
[PlyCount "91"]
[EventDate "2025.04.09"]
[EventType "swiss"]
[EventCountry "ISL"]
[SourceTitle "playchess.com"]
[Source "ChessBase"]
[SourceQuality "1"]
[TimeControl "40/5400+30:1800+30"]

1. d4 Nf6 2. c4 e6 3. Nf3 d5 4. Bg5 dxc4 5. Qa4+ Nbd7 6. Nbd2 {[%emt 0:04:53][%cal Oe2e4] D30: Queen's Gambit Declined: Systems without Nc3.} a6 7. Qxc4 c5 8. dxc5 {[%emt 0:22:58] Black is slightly better.} Bxc5 9. b4 Be7 $146 (9... b5 10. Qb3 Bd6 11. e4 Bb7 12. Bd3 h6 13. Be3 Ng4 14. Bd4 Be5 15. Bb2 Qb6 {0-1 Haufe,W (2303)-Chacon,P (2496) LIPEAP jub30-A corr 2002}) 10. e3 h6 11. Bh4 b5 12. Qb3 Bb7 13. Be2 g5 $1 14. Bg3 g4 15. Ne5 Bxg2 {[%emt 0:00:27] Black has a king side majority} 16. Rg1 Bd5 17. Qb2 Rg8 18. a4 Nh5 19. Nxd7 {[%emt 0:02:38] Threatens to win with Ne5.} Nxg3 (19... Qxd7 $6 20. Be5 $14) 20. Rxg3 Qxd7 (20... Kxd7 $17 21. e4 Bf6) 21. axb5 $11 axb5 22. Rxa8+ Bxa8 {[%emt 0:00:03] A strong pair of Bishops.} 23. Bxg4 Qd6 {[%emt 0:03:02][%cal Oe7h4] and ...Bh4! would now be decisive} 24. Be2 Kf8 (24... Qxb4 $2 25. Rxg8+ Kd7 26. Qxb4 (26. Bxb5+ Bc6 $18) 26... Bxb4 27. Rxa8 $18) 25. Bxb5 Qd5 (25... Qxb4 $11 {remains equal.} 26. Qxb4 Bxb4) 26. Bf1 $16 Qh1 27. Qe5 $40 {[%emt 0:00:32][%mdl 128] Intending Qb8+ and mate. White has strong attack.} Rxg3 (27... Qd5 $142 28. Qb8+ Qd8 29. Qxd8+ Bxd8) 28. hxg3 (28. fxg3 $6 Kg8 $11) 28... Kg8 {[%emt 0:00:14] Dodges Qh8+} 29. e4 Bf8 30. Ke2 Bc6 31. b5 Bb7 32. Nf3 (32. Ke1 $16) 32... Kh7 $2 ({Black should try} 32... Ba8 $1 $14) 33. Qc7 $1 $18 Bxe4 34. Qxf7+ Bg7 35. Nd2 $1 Bf5 36. Qc7 (36. Qd7 $1 $18 {is the precise move to win.}) 36... Qd5 $16 37. b6 (37. Qc4 $16) 37... Qb5+ (37... Qd4 $1 $14) 38. Ke1 Qa5 39. Bc4 Kg6 {[%emt 0:01:45] [#]} (39... h5 $142 40. Qd6 Be5 41. Qe7+ Kh6) 40. g4 $2 Qa1+ 41. Ke2 {[%emt 0:01:05] White has more active pieces.} Bxg4+ 42. f3 Bf5 43. Qg3+ Kf7 {[%emt 0:01:24] [#]} 44. Qc7+ (44. b7 $1 $16 Qe5+ 45. Qxe5 Bxe5 46. Nb3) 44... Kg6 $14 45. Qg3+ (45. b7 $14 Qe5+ 46. Qxe5 Bxe5 47. Nb3) 45... Kf7 $1 $16 {[%emt 0:00:05] [#]} 46. Qc7+ {[%emt 0:00:07] Weighted Error Value: White=0.27 (precise) /Black=0.27 (precise)   Loses game:     	---       	Black=2      Missed win:     	White=1     	---        Mistake:       	White=6     	Black=4      Inaccurate:     	White=1     	Black=1      OK:         	White=18    	Black=16     Best:        	White=4     	Black=6      Strong:       	White=1     	Black=2} (46. b7 $1 $16 Qe5+ 47. Qxe5 Bxe5 48. Nb3) 1/2-1/2

[Event "Reykjavik Open 2025"]
[Site "Reykjavik"]
[Date "2025.04.15"]
[Round "9.13"]
[White "Pipiras, Filipa Fortuna"]
[Black "Stefansson, Vignir Vatnar"]
[Result "0-1"]
[Annotator "TA"]
[ECO "E60"]
[WhiteElo "2195"]
[BlackElo "2536"]
[PlyCount "116"]
[EventDate "2025.04.09"]
[EventType "swiss"]
[EventCountry "ISL"]
[SourceTitle "playchess.com"]
[Source "ChessBase"]
[SourceQuality "1"]
[TimeControl "40/5400+30:1800+30"]

1. d4 d6 2. Nf3 Nf6 3. c4 g6 4. g3 Bg7 5. Bg2 Bf5 6. O-O O-O 7. b3 {[%emt 0:02:44] E60: King's Indian: Unusual lines and Fianchetto Variation without Nc3.} a5 8. Bb2 c6 9. Nc3 {[%emt 0:02:54] White is slightly better.} Ne4 10. Nh4 Nxc3 11. Bxc3 Bd7 12. Qd2 f5 $146 (12... Re8 $14 {feels stronger.}) (12... a4 13. e4 axb3 14. axb3 Na6 15. Nf3 c5 16. d5 Bxc3 17. Qxc3 f6 18. Ne1 Nb4 {0-1 Yelisieiev,Y (2401)-Caruana,F (2782) World-chT Rapid 2023 (12)}) 13. Rad1 a4 14. b4 Na6 15. Rfe1 (15. d5 $14) 15... Nc7 $11 16. d5 Bxc3 {[%emt 0:00:43] Successful Defense Black} 17. Qxc3 cxd5 18. cxd5 Nb5 19. Qe3 ({White should try} 19. Qd2 $1 $14) 19... Qe8 20. Nf3 Qf7 21. Nd4 Nc7 22. Qd3 Nxd5 {[%emt 0:07:33] [#]} 23. Nxf5 $1 Bxf5 24. Qxd5 Be6 25. Qxe6 Qxe6 26. Bd5 {[%emt 0:00:05] [#]} Kf7 27. e4 {[%emt 0:04:00][%cal Oe4e5] [#]} (27. Bxe6+ Kxe6) 27... Rac8 $1 28. e5 {[%emt 0:02:03] [#]} (28. Rc1 g5) 28... Qxd5 29. Rxd5 $15 {[%emt 0:00:05][%mdl 4096] Endgame KRR-KRR} Ke6 30. Rb5 Rc2 31. exd6+ (31. f4 $15) 31... Kxd6 $19 32. f4 Kc6 (32... Rxa2 33. Rxb7 Rc8 34. Rbxe7 $17) 33. Rbe5 Rd8 (33... Rxa2 $19 {and Black stays clearly on top. Threatens to win with ...Rd8.} 34. Rxe7 Kb6 35. Rxh7 a3) 34. Rxe7 $17 Rdd2 35. R1e6+ Kd5 36. Re5+ {[%emt 0:00:09] [#]} Kc4 $1 37. Rc5+ Kxb4 {[%emt 0:00:16] ( -> ...Rd1+)} 38. Rxc2 Rxc2 39. Rxb7+ $11 {[%emt 0:00:05] KR-KR. White is a pawn up.} Ka3 40. Rxh7 Kxa2 41. g4 a3 42. f5 gxf5 43. gxf5 Kb3 44. f6 a2 45. Ra7 $1 Rc1+ 46. Kg2 $2 (46. Kf2 $11) 46... a1=Q {[%emt 0:00:05] Black mates.} (46... a1=B 47. f7 Bg7 48. Rb7+ Ka4 49. h4 $16) 47. Rxa1 Rxa1 {[%emt 0:00:03] KR-KPP} 48. f7 Ra8 49. Kg3 Kc4 50. Kg4 Rf8 51. h4 Kd5 52. Kf5 Rxf7+ {[%emt 0:00:04] KR-KP} 53. Kg6 Ke6 54. h5 Rf1 55. h6 {[%emt 0:00:59] [#]} Rg1+ $1 56. Kh7 Kf7 57. Kh8 Rg8+ 58. Kh7 Rg6 {[%emt 0:00:04] Weighted Error Value: White=0.25 (precise) /Black=0.06 (flawless)   Loses game:     	White=1     	---        Mistake:       	White=3     	Black=2      Inaccurate:     	White=3     	Black=2      OK:         	White=12    	Black=21     Best:        	White=5     	Black=3      Strong:       	White=1     	Black=1} 0-1

[Event "Reykjavik Open 2025"]
[Site "Reykjavik"]
[Date "2025.04.15"]
[Round "9.14"]
[White "Bekker, Stefan"]
[Black "Gorshtein, Ido"]
[Result "0-1"]
[Annotator "TA"]
[ECO "E00"]
[WhiteElo "2358"]
[BlackElo "2557"]
[PlyCount "100"]
[EventDate "2025.04.09"]
[EventType "swiss"]
[EventCountry "ISL"]
[SourceTitle "playchess.com"]
[Source "ChessBase"]
[SourceQuality "1"]
[TimeControl "40/5400+30:1800+30"]

1. d4 Nf6 2. c4 e6 3. g3 Bb4+ 4. Bd2 Be7 5. Nf3 a6 6. Bg2 {[%emt 0:00:29] E00: Catalan Bogo-Indian (3 g3 Bb4+).} b5 7. b3 Bb7 8. O-O {[%emt 0:03:45] The position is equal.} O-O 9. Qc2 d6 10. Nc3 b4 11. Na4 Be4 12. Qb2 a5 13. Rad1 $146 (13. a3 Na6 14. axb4 axb4 15. Ra2 Qb8 16. Qa1 Qb7 17. Nb2 c5 18. Nd3 cxd4 19. Qxd4 {0-1 Skatchkov,V (2242)-Narayanan,S (2618) Titled Tuesday intern op 18th Aug blitz 2020 (3)}) 13... Nbd7 14. Qc1 Qb8 15. Rfe1 Qb7 16. Bh3 c5 17. dxc5 dxc5 18. Bf4 Rad8 19. Nd2 (19. Qe3 $5) 19... Bc6 20. Nb2 h6 21. Nd3 Nh7 22. Nf3 Be4 23. Nd2 {[%emt 0:03:02] Threatens to win with Nxe4.} Ng5 24. Bf1 Bc6 25. h4 Nh7 26. Nf3 Be4 27. Nd2 Bxd3 28. exd3 Nb8 29. Bg2 Qb6 30. Nf3 Nc6 31. Ne5 (31. Bxh6 {is more complex.} gxh6 32. Qxh6 Qc7 33. Re4) 31... Nxe5 32. Bxe5 Rd7 33. Be4 Nf6 34. Bf3 Rfd8 35. Qe3 Ne8 36. Qe4 Bf6 37. Qc6 Qa7 38. d4 cxd4 39. Qb5 Nc7 40. Qa4 Qc5 41. Qc6 $1 Qa7 42. Qa4 d3 $36 {[%emt 0:01:28][%mdl 2048] Black is pushing.} (42... Re7 {simplifies} 43. Qc6 Na6 44. Bxf6 gxf6 45. Qe4 Kg7) 43. Bc6 {[%emt 0:02:39] A strong pair of Bishops.} d2 44. Re2 (44. Bxd7 $2 dxe1=Q+ 45. Rxe1 Bxe5 46. Rxe5 Qd4 47. Rxa5 Rxd7 $19 (47... Qxd7 $2 48. Qxd7 Rxd7 49. Ra4 $19)) 44... Rd3 {[%emt 0:02:52] [#] and ...Bxe5 should not be overlooked} 45. Be4 $2 {[%emt 0:02:44] This move loses the game for White.} (45. Kg2 $1 $15) 45... Bxe5 $19 46. Bxd3 Rxd3 (46... Bxg3 47. Rdxd2 Bxh4 48. Qc6 $17) 47. Rxe5 $2 (47. Rdxd2 Rxd2 (47... Rxg3+ $2 48. Kf1 $17) 48. Rxd2 Bxg3 49. h5) 47... Rxg3+ 48. Kf1 {[%emt 0:00:31] [#]} Qb7 $1 {[%emt 0:00:17] ( -> ...Qf3)} 49. Qd7 (49. Rd5 Rc3) 49... Qh1+ (49... Qf3 $142 50. Qxd2 Rh3 51. Rg5 hxg5 52. Qd8+ Ne8 (52... Kh7 $2 53. Qd3+ Qxd3+ 54. Rxd3 $19) 53. Qxe8+ Kh7 54. Qh8+ Kxh8 55. Rd8+ Kh7 56. Rh8+ Kxh8 57. Ke1 Rh1+ (57... Rxh4 $2 {is a self mate.} 58. c5 Rd4 59. Kf1 Rd1#) 58. Kd2 Rd1+ 59. Kc2 Qe2#) 50. Ke2 Qf3+ {[%emt 0:00:03] Weighted Error Value: White=0.37/Black=0.34  Loses game:     	White=1     	---        Mistake:       	White=1     	---        Inaccurate:     	White=7     	Black=4      OK:         	White=17    	Black=18     Best:        	White=1     	Black=5      Strong:       	White=1     	---} (50... Qxh4 $2 {perishes.} 51. fxg3 Qh2+ 52. Kf3 $18) 0-1